Map: [ESL] Cosmic Sapphire

Players

Reaper

  • Race: Zerg Zerg
  • Spawn Location: 11:00

DisK - Winner!

  • Race: Protoss Protoss
  • Spawn Location: 5:00

Event: DreamHack SC2 Masters 2022 Atlanta (Online)

VOD

Have the link to the VOD?

Description

Time

  • Played on: Oct. 9, 2022, 4:16 p.m.
  • Length: 9:23

All games in this series

Show
View Real Time Build Order
Export as new Build Order

Reaper Zerg 

Build Orders: Hatch First 

Get SALT Encoding   

  12  0:01  Drone  
  13  0:09  Drone  
  14  0:35  Hatchery  
  13  0:43  Extractor  
  12  0:52  Spawning Pool  
  11  0:57  Drone  
  11  1:01  Drone  
  13  1:07  Drone  
  14  1:40  Roach Warren  
  14  1:42  Metabolic Boost  
  14  1:45  Zergling x2  
  14  1:48  Zergling x2  
  15  1:57  Overlord  
  15  2:00  Drone  
  15  2:01  Drone  
  17  2:20  Roach  
  17  2:21  Roach  
  23  2:22  Roach  
  23  2:27  Drone  
  24  2:35  Overlord  
  24  2:39  Drone  
  25  2:51  Zergling x4  
  25  2:52  Drone  
  25  2:57  Drone  
  29  3:07  Zergling x4  
  29  3:09  Ravager x2  
  33  3:13  Overlord  
  33  3:19  Zergling x2  
  34  3:23  Drone  
  35  3:30  Drone  
  35  3:32  Zergling x2  
  37  3:40  Ravager  
  38  3:46  Roach  
  38  3:47  Zergling x4  
  42  3:48  Queen  
  44  3:59  Overlord  
  44  4:11  Overlord  
  44  4:20  Drone  
  44  4:21  Drone x2, Ravager  
  44  4:24  Zergling x2, Queen  
  51  4:33  Roach  
  53  4:42  Roach  
  53  4:43  Zergling x4  
  57  4:53  Overlord  
  57  4:57  Zergling x2  
  57  4:58  Drone x2  
  57  4:59  Overlord  
  60  5:13  Ravager  
  61  5:14  Zergling x2  
  61  5:15  Zergling x4, Queen  
  66  5:23  Roach  
  66  5:26  Zergling x2  
  69  5:29  Zergling x6  
  69  5:34  Ravager  
  69  5:35  Zergling x4  
  75  5:43  Zergling x2  
  76  5:53  Overlord x2  
  76  6:10  Overlord x2  
  76  6:11  Queen x2  
  76  6:12  Ravager  
  76  6:14  Zergling x2, Roach  
  84  6:22  Zergling x2  
  84  6:23  Zergling x6  
  85  6:36  Zergling x8  
  86  6:51  Roach x2  
  90  6:59  Roach  
  90  7:00  Zergling x2  
  93  7:08  Zergling x2  
  93  7:12  Zergling x2  
  94  7:21  Zergling x4  
  96  7:27  Ravager  
  96  7:31  Zergling x4, Queen  
  96  7:34  Queen  
  102  7:42  Zergling x4  
  103  7:53  Zergling x4  
  103  7:55  Ravager  
  102  8:06  Zergling x10  
  102  8:07  Overlord  
  93  8:24  Roach x3  
  93  8:27  Zergling x2  
  93  8:31  Zergling x2  
  95  8:44  Zergling x4  
  95  8:46  Queen  
  95  8:59  Zergling x6  
  95  9:02  Zergling x2  
Show
View Real Time Build Order
Export as new Build Order

DisK Protoss - Winner!

Build Orders:  

Get SALT Encoding   

  12  0:00  Probe  
  13  0:12  Probe  
  14  0:19  Pylon  
  14  0:24  Probe  
  15  0:37  Probe (Chrono Boost)  
  15  0:39  Gateway  
  16  0:48  Probe (Chrono Boost), Assimilator  
  17  0:53  Probe (Chrono Boost)  
  18  1:04  Probe  
  19  1:11  Gateway  
  19  1:16  Probe  
  20  1:26  Cybernetics Core  
  20  1:29  Pylon  
  20  1:30  Probe  
  21  1:42  Probe  
  22  1:47  Assimilator  
  23  1:54  Probe  
  23  2:00  Stalker (Chrono Boost)  
  23  2:05  Shield Battery  
  27  2:10  Shield Battery  
  27  2:12  Stalker (Chrono Boost)  
  27  2:22  Stalker  
  29  2:31  Warp Gate (Chrono Boost)  
  29  2:44  Nexus  
  28  2:51  Stalker (Chrono Boost)  
  28  2:58  Shield Battery  
  30  3:04  Shield Battery  
  30  3:17  Pylon  
  30  3:26  Probe  
  31  3:29  Gateway  
  31  3:35  Stalker  
  31  3:38  Probe  
  34  3:50  Probe  
  35  3:59  Probe  
  35  4:02  Shield Battery, Probe  
  37  4:09  Shield Battery  
  37  4:11  Sentry, Probe  
  37  4:13  Sentry  
  37  4:14  Probe  
  43  4:23  Gateway, Probe  
  44  4:24  Sentry  
  46  4:37  Shield Battery  
  46  4:40  Stalker  
  46  4:41  Stalker  
  50  4:51  Phoenix  
  50  4:53  Probe  
  50  4:54  Probe  
  50  4:55  Stalker  
  50  4:59  Pylon  
  54  5:02  Pylon  
  54  5:05  Pylon  
  54  5:15  Robotics Facility  
  54  5:21  Probe  
  54  5:25  Zealot x3  
  61  5:32  Probe  
  61  5:33  Probe  
  59  5:43  Gateway  
  59  5:44  Probe  
  59  5:45  Gateway  
  59  5:47  Adept x2  
  64  5:53  Stalker  
  64  5:55  Probe  
  64  5:56  Probe  
  68  6:08  Pylon  
  68  6:14  Pylon  
  68  6:19  Assimilator x2  
  68  6:25  Stalker  
  70  6:26  Immortal  
  74  6:37  Zealot x2  
  78  6:42  Stalker x2  
  82  6:49  Cybernetics Core  
  82  6:53  Shield Battery  
  82  6:54  Shield Battery, Probe x2  
  82  7:06  Robotics Bay  
  80  7:15  Pylon  
  80  7:16  Probe x2  
  82  7:34  Pylon  
  82  7:35  Probe x2, Stalker  
  82  7:36  Stalker x2  
  90  7:41  Zealot x2  
  94  7:46  Pylon  
  94  7:47  Pylon  
  94  7:53  Disruptor (Chrono Boost)  
  97  8:01  Sentry  
  97  8:02  Sentry  
  101  8:10  Gateway x2  
  101  8:13  Pylon  
  101  8:16  Zealot x2  
  99  8:25  Shield Battery  
  99  8:26  Disruptor (Chrono Boost)  
  99  8:27  Zealot x2  
  99  8:30  Shield Battery  
  106  8:42  Stalker x2  
  110  8:58  Zealot x2  
  94  9:08  Stalker  
  94  9:09  Stalker  
  86  9:11  Zealot x2  
  86  9:19  Stalker x2  
Tags
 
Add a new tag
Caveats
  • Supply blocks, unpowered buildings, or Contaminate may cause inaccurate times.
  • Supply counts are checked every 10 seconds.